 Dungeon Crawl Stone Soup version 0.30.1-4-g462c640d31 (webtiles) character file.

Game seed: 9529188015228016918

279 tehkenny the Chopper (level 6, -2/53 HPs)
             Began as a Hill Orc Fighter on Aug 21, 2023.
             Killed by divine providence
             ... invoked by an orc priest
              (15 damage)
             ... on level 3 of the Dungeon.
             The game lasted 00:23:33 (3350 turns).

tehkenny the Chopper (Hill Orc Fighter)             Turns: 3350, Time: 00:23:35

Health: -2/53      AC:  7    Str: 19    XL:     6   Next: 26%
Magic:  6/6        EV:  9    Int: 10    God:
Gold:   132        SH:  4    Dex: 10    Spells: 5/5 levels left

rFire   . . .        a - +0 war axe
rCold   . . .        c - +0 buckler
rNeg    . . .        b - +0 scale mail
rPois   .            (no helmet)
rElec   .            (no cloak)
rCorr   .            (no gloves)
SInv    .            (no boots)
Will    .....        (no amulet) Stlth
                     s - +4 ring of slaying
HPRegen 0.28/turn    (no ring)
MPRegen 0.10/turn

%: no passive effects
@: no status effects
A: no striking features
a: Convert to Beogh


You were on level 3 of the Dungeon.
You visited 1 branch of the dungeon, and saw 3 of its levels.

You collected 132 gold pieces.

Inventory:

Hand Weapons
 a - a +0 war axe (weapon)
 g - a +0 club
 j - a +0 trident
 l - a +0 hand axe
Missiles
 p - 2 poisoned darts (quivered)
 q - 10 stones
Armour
 b - a +0 scale mail (worn)
 c - a +0 buckler (worn)
Magical Staves
 n - a staff of earth
Jewellery
 m - a ring of ice
 s - a +4 ring of slaying (left hand)
Scrolls
 k - a scroll of identify
 o - a scroll of enchant weapon {unknown}
 t - 2 scrolls of fog {unknown}
 w - a scroll of torment {unknown}
 x - a scroll of fear {unknown}
Potions
 d - 2 potions of might
 e - 2 potions of magic {unknown}
 h - 2 potions of resistance
 r - 2 potions of haste
 u - a potion of brilliance {unknown}
 v - a potion of invisibility {unknown}


   Skills:
 + Level 4.7 Fighting
 + Level 6.0 Axes
 + Level 0.2 Throwing
 + Level 4.4 Armour
 + Level 0.4 Dodging
 + Level 0.2 Stealth
 + Level 4.0 Shields


You had 5 spell levels left.
You didn't know any spells.
Your spell library contained the following spells:

 Spells                   Type           Power      Damage    Failure   Level
 Poisonous Vapours        Pois/Air       0%         N/A       90%         2
 Inner Flame              Hex/Fire       0%         N/A       99%         3
 Mephitic Cloud           Conj/Pois/Air  0%         N/A       99%         3
 Vhi's Electric Charge    Tloc/Air       0%         N/A       99%         3
 Arcjolt                  Conj/Air       0%         1d10      100%        5
 Freezing Cloud           Conj/Ice/Air   0%         6-21      100%        5
 Yara's Violent Unravell  Hex/Tmut       0%         3d3       100%        5
 Enfeeble                 Hex            0%         N/A       100%        7
 Maxwell's Capacitive Co  Air            0%         ∞         100%        8


Dungeon Overview and Level Annotations

Branches:
Dungeon (3/15)

Altars:
Yredelemnul


Message History

The orc wizard casts a spell at you. The magic dart hits you.
The howler monkey hoots and howls with incredible vigour!
The orc priest shouts, "Beogh is our master!
Accept the truth or die!"
You slash the howler monkey!
You kill the howler monkey!
You slash the orc wizard!
The orc wizard is heavily wounded.
The orc wizard hits you with a +2 dagger of protection.
You barely miss the orc wizard.
The orc wizard is heavily wounded.
The orc wizard hits you with a +2 dagger of protection.
You barely miss the orc wizard.
The orc wizard is heavily wounded.
You completely miss the orc priest.
The orc priest shouts, "Join the one true god or die!"
You block the orc wizard's attack. The orc priest closely misses you.
You hit the orc wizard but do no damage.
The orc wizard is heavily wounded.
You slash the orc priest! You block the orc wizard's attack.
The orc priest begins to cast a cantrip, but forgets the words!
Unknown command.
The orc wizard hits you with a +2 dagger of protection.
The orc priest misses you.
You closely miss the orc priest.
The orc priest is heavily wounded.
You hit the orc wizard but do no damage.
The orc wizard closely misses you.
The orc priest hits you with a +0 morningstar.
The orc priest invokes the aid of Beogh against you.
Beogh smites you!
* * * LOW HITPOINT WARNING * * *
The orc wizard hits you but does no damage.
You hit the orc priest.
The orc priest is severely wounded.
You slash the orc wizard!
You kill the orc wizard!
The orc priest mumbles some strange prayers to Beogh against you.
Beogh smites you!
You die...

#...≈.......≈...#.###
#.#.≈≈≈≈≈.≈≈≈...#...#
#.#.............###.######
..#.†)........##.........#
###### #...........##.........#
..... #...........##.........#
..... #...........##........##
...... #.....).....##........#
......##.)...o@....##.........#
........)..........##.......#.#
..........)##########....####.#
...........# #..........
####.......# #....####..
#......(# #....# #.. #.....))#
##'### ##.. #.......#
#.#####... #.......# #.........


You could see an orc priest.

Vanquished Creatures
  2 howler monkeys (D:3)
  2 orc wizards (D:3)
  5 gnolls (D:3)
  3 adders
  2 worms
  3 dart slugs
  6 orcs (D:3)
  7 ball pythons
  6 bats
  5 endoplasms
  4 giant cockroaches
  6 hobgoblins
  13 jackals (D:3)
  5 kobolds
  6 frilled lizards
  8 goblins
  4 rats
87 creatures vanquished.

Notes
Turn   | Place    | Note
-------+----------+-------------------------------------------
     0 | D:1      | tehkenny the Hill Orc Fighter began the quest for the Orb.
     0 | D:1      | Reached XP level 1. HP: 19/19 MP: 1/1
   296 | D:1      | Reached skill level 3 in Axes
   334 | D:1      | Reached XP level 2. HP: 25/27 MP: 2/2
   805 | D:1      | Reached XP level 3. HP: 32/33 MP: 3/3
  1690 | D:2      | Reached skill level 4 in Axes
  2107 | D:2      | Reached XP level 4. HP: 40/40 MP: 4/4
  2574 | D:3      | Found a basalt altar of Yredelemnul.
  2643 | D:3      | Reached XP level 5. HP: 16/46 MP: 5/5
  3120 | D:3      | Reached skill level 5 in Axes
  3189 | D:3      | Reached XP level 6. HP: 35/52 MP: 6/6
  3213 | D:3      | Reached skill level 6 in Axes
  3224 | D:3      | HP: 2/52 [something (3)]
  3350 | D:3      | Killed from afar by an orc priest

Illustrated notes

Levels and vault maps discovered:
D:1:      dpeg_arrival_circle_labyrinth_a, layout_basic, fountainhead
D:2:      layout_basic, serial_corexii_hall, corexii_hall_statues_t,
          corexii_hall_statues_x
D:3:      lemuel_castle_with_subvaults [lemuel_castle_interior_carwin_2],
          layout_basic, mainiacjoe_overflow_concentric_impassable

Skill      XL: |  1  2  3  4  5  6 |
---------------+-------------------+-----
Axes           | 3 4 5 6 |  6.0
Armour         | 4 |  4.4
Fighting       | 4 |  4.7
Shields        | 4 |  4.0
Throwing       | |  0.2
Dodging        | |  0.4
Stealth        | |  0.2

Action                     |  1- 3 |  4- 6 || total
---------------------------+-------+-------++-------
  Melee: War axe           |    92 |   100 ||   192
         Hand axe          |    27 |       ||    27
  Throw: Stone             |     2 |       ||     2
         Dart              |       |     4 ||     4
    Use: Scroll            |     2 |     3 ||     5
         Potion            |     1 |     2 ||     3
 Armour: Scale mail        |    61 |    65 ||   126
  Dodge: Dodged            |    77 |    51 ||   128
  Block: Buckler           |    29 |    18 ||    47
